[ AOE2 MATCH · #506025496 ]
UnrankedVietnamese vs Cumans
Player's team · WIN
Rival team · LOSS
[ REPLAY ANALYSIS · EXTRACTED FROM THE RECORDED GAME ]
Feudal
18:13
Castle
27:24
Imperial
—
| APM avg | 58.8 |
| APM peak | 94 |
| eAPM avg | 36.0 |
| Villagers / military | 57 / 32 |
Focus
⚔️ 41.8% · 🌾 58.2%
Scout Cavalry ×15 · Skirmisher ×14 · Spearman ×3
Feudal
9:50
Castle
—
Imperial
—
| APM avg | 49.0 |
| APM peak | 88 |
| eAPM avg | 17.9 |
| Villagers / military | 60 / 38 |
Focus
⚔️ 21.1% · 🌾 78.9%
Archer ×28 · Scout Cavalry ×6 · Battering Ram ×4
Match map
Initial resources + every placement click. Lines = walls · curves = elevation contours. ◆ gold · ⬟ stone · ● berries · ✦ relic · ◌ wall gap
Your base· ✓ Closed at 27:24 · 20t walls · no gate
ICEMANIAN's base· Open — 3t gap
Smoothed initial terrain · ◌ = detected wall gap · hover for details
Inputs per minute
— Snootydoor8937 - - ICEMANIAN
Build order — Snootydoor8937
First 150 of 177 actions detected
| 0:01 | Queue | Villager (Male) |
| 0:02 | Build | House |
| 0:03 | Build | House |
| 0:13 | Queue | Villager (Male) |
| 0:16 | Queue | Villager (Male) |
| 0:20 | Queue | Villager (Male) |
| 1:25 | Queue | Villager (Male) |
| 1:25 | Queue | Villager (Male) |
| 1:46 | Queue | Villager (Male) |
| 2:13 | Build | Lumber Camp |
| 2:31 | Queue | Villager (Male) |
| 2:31 | Queue | Villager (Male) |
| 2:31 | Queue | Villager (Male) |
| 3:02 | Queue | Villager (Male) |
| 3:03 | Queue | Villager (Male) |
| 3:45 | Build | House |
| 4:07 | Queue | Villager (Male) |
| 4:08 | Queue | Villager (Male) |
| 4:12 | Queue | Villager (Male) |
| 4:22 | Queue | Villager (Male) |
| 5:14 | Research | Loom |
| 5:36 | Queue | Villager (Male) |
| 6:19 | Queue | Villager (Male) |
| 6:55 | Build | Town Center |
| 7:13 | Build | Palisade Wall |
| 7:32 | Build | Mill |
| 7:50 | Queue | Villager (Male) |
| 7:50 | Queue | Villager (Male) |
| 8:07 | Queue | Villager (Male) |
| 8:07 | Queue | Villager (Male) |
| 8:22 | Build | House |
| 8:23 | Build | House |
| 9:47 | Queue | Villager (Male) |
| 9:59 | Queue | Villager (Male) |
| 10:12 | Queue | Villager (Male) |
| 10:38 | Queue | Villager (Male) |
| 11:05 | Build | Mill |
| 11:34 | Build | House |
| 11:36 | Build | House |
| 11:41 | Build | House |
| 11:43 | Build | House |
| 11:44 | Build | House |
| 11:48 | Build | House |
| 11:51 | Build | House |
| 11:52 | Build | House |
| 12:16 | Queue | Villager (Male) |
| 12:16 | Queue | Villager (Male) |
| 12:18 | Queue | Villager (Male) |
| 12:39 | Build | Farm |
| 12:39 | Build | Farm |
| 12:39 | Build | Farm |
| 12:39 | Build | Farm |
| 12:39 | Build | Farm |
| 12:40 | Build | Farm |
| 12:40 | Build | Farm |
| 12:40 | Build | Farm |
| 12:50 | Queue | Villager (Male) |
| 13:23 | Build | Farm |
| 13:44 | Queue | Villager (Male) |
| 13:59 | Queue | Villager (Male) |
| 14:30 | Queue | Villager (Male) |
| 14:32 | Build | Farm |
| 14:41 | Queue | Villager (Male) |
| 15:13 | Queue | Villager (Male) |
| 15:19 | Queue | Villager (Male) |
| 15:28 | Queue | Villager (Male) |
| 15:49 | Build | Lumber Camp |
| 16:03 | Research | Feudal Age |
| 16:20 | Build | Palisade Wall |
| 16:22 | Build | Palisade Wall |
| 17:21 | Build | Barracks |
| 17:26 | Build | Barracks |
| 17:45 | Queue | Villager (Male) |
| 17:45 | Queue | Villager (Male) |
| 18:13 | Age | Feudal Age |
| 18:17 | Build | Archery Range |
| 18:27 | Queue | Villager (Male) |
| 18:28 | Research | Double-Bit Axe |
| 18:29 | Research | Double-Bit Axe |
| 18:31 | Research | Horse Collar |
| 18:36 | Research | Wheelbarrow |
| 18:38 | Build | Mill |
| 18:44 | Queue | Skirmisher |
| 18:44 | Queue | Skirmisher |
| 18:45 | Queue | Skirmisher |
| 18:47 | Queue | Villager (Male) |
| 18:49 | Queue | Villager (Male) |
| 19:09 | Queue | Skirmisher |
| 19:18 | Queue | Villager (Male) |
| 19:20 | Build | Blacksmith |
| 19:24 | Queue | Skirmisher |
| 19:24 | Queue | Skirmisher |
| 19:36 | Queue | Spearman |
| 19:41 | Queue | Skirmisher |
| 19:43 | Research | Fletching |
| 19:43 | Research | Fletching |
| 20:07 | Build | Mining Camp |
| 20:08 | Queue | Villager (Male) |
| 20:25 | Queue | Skirmisher |
| 20:26 | Queue | Skirmisher |
| 20:44 | Queue | Villager (Male) |
| 20:52 | Build | Stable |
| 20:57 | Build | House |
| 20:58 | Build | House |
| 20:58 | Queue | Villager (Male) |
| 21:08 | Build | Farm |
| 21:10 | Build | Farm |
| 21:10 | Build | Farm |
| 21:33 | Queue | Spearman |
| 21:39 | Queue | Scout Cavalry |
| 21:45 | Build | Farm |
| 21:46 | Build | Farm |
| 21:48 | Queue | Skirmisher |
| 21:48 | Queue | Skirmisher |
| 21:55 | Research | Padded Archer Armor |
| 21:55 | Research | Padded Archer Armor |
| 21:57 | Queue | Skirmisher |
| 21:58 | Queue | Scout Cavalry |
| 21:59 | Queue | Villager (Male) |
| 22:01 | Build | Farm |
| 22:04 | Queue | Villager (Male) |
| 22:06 | Build | Farm |
| 22:24 | Queue | Villager (Male) |
| 23:06 | Queue | Villager (Male) |
| 23:11 | Build | House |
| 23:13 | Queue | Villager (Male) |
| 23:14 | Queue | Villager (Male) |
| 23:22 | Queue | Villager (Male) |
| 23:35 | Build | Farm |
| 23:36 | Build | Farm |
| 23:36 | Build | Farm |
| 23:36 | Build | Farm |
| 23:36 | Build | Farm |
| 23:36 | Build | Farm |
| 23:37 | Build | Farm |
| 23:39 | Queue | Villager (Male) |
| 24:21 | Build | Stable |
| 24:28 | Build | Farm |
| 24:37 | Queue | Spearman |
| 24:44 | Research | Castle Age |
| 24:44 | Research | Castle Age |
| 24:44 | Research | Castle Age |
| 24:54 | Build | House |
| 24:58 | Build | House |
| 24:59 | Build | House |
| 25:15 | Build | Farm |
| 25:22 | Build | Farm |
| 25:27 | Queue | Skirmisher |
| 25:27 | Queue | Skirmisher |
| 25:29 | Build | Farm |
Build order — ICEMANIAN
First 150 of 155 actions detected
| 0:00 | Queue | Villager (Male) |
| 0:00 | Queue | Villager (Male) |
| 0:01 | Build | House |
| 0:03 | Build | House |
| 0:03 | Queue | Villager (Male) |
| 0:04 | Queue | Villager (Male) |
| 1:24 | Queue | Villager (Male) |
| 1:24 | Queue | Villager (Male) |
| 1:50 | Build | Lumber Camp |
| 1:57 | Queue | Villager (Male) |
| 1:57 | Queue | Villager (Male) |
| 2:27 | Queue | Villager (Male) |
| 2:50 | Queue | Villager (Male) |
| 2:59 | Queue | Villager (Male) |
| 2:59 | Queue | Villager (Male) |
| 3:23 | Build | House |
| 3:38 | Queue | Villager (Male) |
| 4:11 | Queue | Villager (Male) |
| 4:34 | Queue | Villager (Male) |
| 4:34 | Queue | Villager (Male) |
| 4:59 | Queue | Villager (Male) |
| 4:59 | Queue | Villager (Male) |
| 5:08 | Queue | Villager (Male) |
| 5:31 | Queue | Villager (Male) |
| 5:31 | Queue | Villager (Male) |
| 5:50 | Build | Mill |
| 5:58 | Queue | Villager (Male) |
| 5:58 | Queue | Villager (Male) |
| 6:05 | Research | Loom |
| 7:40 | Research | Feudal Age |
| 9:50 | Age | Feudal Age |
| 10:26 | Build | Lumber Camp |
| 10:30 | Queue | Villager (Male) |
| 10:31 | Queue | Villager (Male) |
| 10:31 | Queue | Villager (Male) |
| 11:06 | Build | House |
| 11:08 | Build | House |
| 11:10 | Build | House |
| 12:11 | Build | Town Center |
| 12:16 | Research | Double-Bit Axe |
| 13:40 | Build | House |
| 14:12 | Queue | Villager (Male) |
| 14:23 | Build | Barracks |
| 14:33 | Queue | Villager (Male) |
| 14:34 | Queue | Villager (Male) |
| 15:00 | Queue | Villager (Male) |
| 15:20 | Build | Archery Range |
| 15:29 | Build | Palisade Wall |
| 15:37 | Build | House |
| 15:42 | Build | Palisade Wall |
| 15:44 | Build | Palisade Wall |
| 15:45 | Build | Palisade Wall |
| 15:49 | Queue | Villager (Male) |
| 15:49 | Queue | Villager (Male) |
| 15:54 | Build | House |
| 15:57 | Build | Palisade Wall |
| 15:59 | Build | Palisade Wall |
| 16:02 | Build | Palisade Wall |
| 16:07 | Queue | Villager (Male) |
| 16:17 | Build | Palisade Wall |
| 16:19 | Build | Palisade Wall |
| 16:24 | Build | Palisade Wall |
| 16:25 | Build | Palisade Wall |
| 16:27 | Build | Palisade Wall |
| 16:28 | Queue | Villager (Male) |
| 16:31 | Queue | Archer |
| 16:52 | Build | Palisade Wall |
| 17:00 | Queue | Villager (Male) |
| 17:00 | Queue | Villager (Male) |
| 17:06 | Queue | Villager (Male) |
| 17:18 | Queue | Archer |
| 17:18 | Queue | Archer |
| 17:30 | Build | Blacksmith |
| 17:38 | Queue | Villager (Male) |
| 17:38 | Queue | Villager (Male) |
| 17:56 | Queue | Archer |
| 17:56 | Queue | Archer |
| 17:57 | Queue | Archer |
| 18:08 | Queue | Villager (Male) |
| 18:13 | Build | House |
| 18:13 | Build | House |
| 18:20 | Queue | Archer |
| 18:28 | Queue | Villager (Male) |
| 18:37 | Build | Archery Range |
| 18:39 | Queue | Villager (Male) |
| 18:41 | Queue | Archer |
| 18:51 | Build | House |
| 19:18 | Queue | Villager (Male) |
| 19:39 | Queue | Villager (Male) |
| 19:45 | Queue | Archer |
| 19:45 | Queue | Archer |
| 19:45 | Queue | Archer |
| 19:47 | Queue | Villager (Male) |
| 20:03 | Queue | Archer |
| 20:04 | Queue | Archer |
| 20:05 | Queue | Villager (Male) |
| 20:05 | Queue | Villager (Male) |
| 20:09 | Build | House |
| 20:26 | Build | Stable |
| 20:28 | Queue | Villager (Male) |
| 20:31 | Queue | Archer |
| 20:47 | Build | House |
| 20:54 | Queue | Archer |
| 20:54 | Queue | Archer |
| 21:14 | Build | Farm |
| 21:15 | Build | Farm |
| 21:17 | Queue | Scout Cavalry |
| 21:44 | Build | Lumber Camp |
| 21:51 | Queue | Scout Cavalry |
| 22:06 | Queue | Villager (Male) |
| 22:06 | Queue | Villager (Male) |
| 22:53 | Queue | Villager (Male) |
| 23:11 | Research | Fletching |
| 23:26 | Build | Farm |
| 23:26 | Queue | Villager (Male) |
| 23:55 | Build | Farm |
| 23:59 | Build | Siege Workshop |
| 24:14 | Queue | Archer |
| 24:14 | Queue | Archer |
| 24:15 | Queue | Archer |
| 24:15 | Queue | Archer |
| 24:16 | Queue | Villager (Male) |
| 24:17 | Queue | Villager (Male) |
| 25:01 | Build | Farm |
| 25:02 | Queue | Villager (Male) |
| 25:10 | Build | Lumber Camp |
| 25:21 | Build | Farm |
| 25:40 | Queue | Archer |
| 25:41 | Queue | Archer |
| 25:41 | Queue | Archer |
| 25:41 | Queue | Archer |
| 25:41 | Queue | Archer |
| 25:44 | Queue | Villager (Male) |
| 25:45 | Queue | Villager (Male) |
| 25:47 | Queue | Archer |
| 26:09 | Queue | Battering Ram |
| 26:10 | Queue | Battering Ram |
| 26:13 | Queue | Archer |
| 26:13 | Queue | Archer |
| 26:21 | Build | Farm |
| 26:21 | Queue | Villager (Male) |
| 26:39 | Build | Farm |
| 26:41 | Build | House |
| 26:42 | Build | House |
| 26:50 | Queue | Battering Ram |
| 27:07 | Build | Farm |
| 27:10 | Queue | Scout Cavalry |
| 27:14 | Queue | Battering Ram |
| 27:20 | Queue | Villager (Male) |
| 27:20 | Queue | Villager (Male) |
Match timeline
| 7:13 | Snootydoor8937 · wall_segment Palisade Wall x1 |
| 9:50 | ICEMANIAN · age_up feudal |
| 14:23 | ICEMANIAN · first_building Barracks |
| 15:20 | ICEMANIAN · first_building Archery Range |
| 15:29 | ICEMANIAN · wall_segment Palisade Wall x1 |
| 15:42 | ICEMANIAN · wall_segment Palisade Wall x1 |
| 15:44 | ICEMANIAN · wall_segment Palisade Wall x1 |
| 15:45 | ICEMANIAN · wall_segment Palisade Wall x1 |
| 15:57 | ICEMANIAN · wall_segment Palisade Wall x1 |
| 15:59 | ICEMANIAN · wall_segment Palisade Wall x1 |
| 16:02 | ICEMANIAN · wall_segment Palisade Wall x1 |
| 16:17 | ICEMANIAN · wall_segment Palisade Wall x2 |
| 16:19 | ICEMANIAN · wall_segment Palisade Wall x1 |
| 16:20 | Snootydoor8937 · wall_segment Palisade Wall x15 |
| 16:22 | Snootydoor8937 · wall_segment Palisade Wall x4 |
| 16:24 | ICEMANIAN · wall_segment Palisade Wall x1 |
| 16:25 | ICEMANIAN · wall_segment Palisade Wall x1 |
| 16:27 | ICEMANIAN · wall_segment Palisade Wall x1 |
| 16:52 | ICEMANIAN · wall_segment Palisade Wall x1 |
| 17:21 | Snootydoor8937 · first_building Barracks |
| 18:13 | Snootydoor8937 · age_up feudal |
| 18:17 | Snootydoor8937 · first_building Archery Range |
| 20:26 | ICEMANIAN · first_building Stable |
| 20:52 | Snootydoor8937 · first_building Stable |
| 23:59 | ICEMANIAN · first_building Siege Workshop |
| 27:24 | Snootydoor8937 · age_up castle |
| 28:17 | Snootydoor8937 · first_building Monastery |
| 29:17 | ICEMANIAN · resign |
[ AI ANALYSIS · 1 CREDIT ]
What really happened in this match?
Wolo.gg analyzes every decision: build order, eco, micro, common mistakes by bracket. Personalized analysis on WhatsApp or Discord in 30 seconds.
Civ guide
Vietnamese
Perfil
Jugador #2281589